Wild vs Stars

Created - November 5, 2015 at 17:41

Goals
1 2 3 OT1 SO T
Wild 0 1 0 0 0 1
Stars 1 0 0 0 1 2
Shots
1 2 3 OT1 SO T
Wild 6 10 9 2 4 27
Stars 10 9 9 3 4 31

1st period

1. Stars , Evgeni Malkin 8 (Tyler Seguin, Nikita Kucherov) at 6:38

Penalties :
Erik Cole (MIN) for Cross-checking (Minor) at 16:59

2nd period

2. Wild , Dustin Brown 2 (Dennis Wideman, Mark Streit) at 10:47 (PP)

Penalties :
Kris Letang (DAL) for Slashing (Minor) at 5:13, Clayton Stoner (DAL) for Holding (Minor) at 9:34, Michael Stone (MIN) for High sticking (Minor) at 17:08

3rd period

No Goal

Penalties :
Mark Stuart (DAL) for Tripping (Minor) at 3:52, Nikita Kucherov (DAL) for Goalie Interference (Minor) at 7:20, David Backes (DAL) for Tripping (Minor) at 13:45

Overtime #1

No Goal

Penalties :
No Penalty

Shootout

Penalty Shot by Jason Pominville for Wild - Shot Misses the Net
Penalty Shot by Tyler Seguin for Stars - Stopped by Ryan Miller
Penalty Shot by Jason Spezza for Wild - Stopped by Ben Bishop
Penalty Shot by Evgeni Malkin for Stars - Shot Misses the Net
Penalty Shot by Scott Hartnell for Wild - Stopped by Ben Bishop
Penalty Shot by Nikita Kucherov for Stars - Stopped by Ryan Miller
Penalty Shot by Erik Cole for Wild - Stopped by Ben Bishop
Penalty Shot by Eric Staal for Stars - Goal!

Penalties :
No Penalty

Goalie Stats

Ryan Miller (MIN), 30 saves from 31 shots - (0.968), OTL, 1-8-5, 65:00 minutes
Ben Bishop (DAL), 26 saves from 27 shots - (0.963), W, 6-5-1, 65:00 minutes

Players Stats for Wild

Player Name              G  A  P  +/- PIM S  H  SB GA TA FO     MP     PP MP  PK MP  
------------------------------------------------------------------------------------
Alex Biega               0  0  0   0  0   0  0  0  0  0  0/0     6:29   0:00   2:44 
Barret Jackman           0  0  0   0  0   0  2  0  0  0  0/0    10:04   0:00   0:00 
Dennis Wideman           0  1  1  -1  0   0  2  2  0  0  0/0    26:36   4:53   0:00 
Dustin Brown             1  0  1   0  0   2  2  0  0  0  0/1    19:06   4:55   0:00 
Erik Cole                0  0  0   0  2   2  3  1  0  0  0/1    22:16   4:24   0:00 
Fedor Tyutin             0  0  0   0  0   0  1  4  0  0  0/0    21:37   4:16   1:00 
Jason Pominville         0  0  0   0  0   4  0  0  0  0  0/4    21:38   4:45   0:00 
Jason Spezza             0  0  0   0  0   5  0  0  0  0  13/26  22:34   4:45   0:00 
Mark Streit              0  1  1  -1  0   0  2  2  0  0  0/0    26:36   4:53   0:00 
Michael Ryder            0  0  0  -1  0   1  1  0  0  0  3/4    15:16   0:00   1:09 
Michael Stone            0  0  0   0  2   2  2  1  0  0  0/0    14:51   0:00   1:01 
Peter Holland            0  0  0   0  0   2  1  0  0  0  14/26  21:54   4:22   0:00 
R.J. Umberger            0  0  0  -1  0   2  2  0  0  0  11/23  19:21   0:00   2:49 
Rene Bourque             0  0  0  -1  0   3  0  1  0  0  0/0    16:56   0:00   2:49 
Scott Hannan             0  0  0   0  0   1  0  1  0  0  0/0    11:18   0:00   1:14 
Scott Hartnell           0  0  0   0  0   2  5  0  0  0  2/2    25:49   4:14   0:00 
Trevor Smith             0  0  0   0  0   0  0  0  0  0  0/0     1:11   0:02   1:09 
Zach Redmond             0  0  0   0  0   1  0  1  0  0  0/0    12:28   4:16   1:57 

Players Stats for Stars

Player Name              G  A  P  +/- PIM S  H  SB GA TA FO     MP     PP MP  PK MP  
------------------------------------------------------------------------------------
Anthony Duclair          0  0  0   0  0   2  0  0  0  0  0/0    15:52   2:01   0:00 
Brandon Manning          0  0  0   1  0   0  1  1  0  0  0/0    12:35   0:00   0:00 
Bryan Bickell            0  0  0   0  0   1  1  0  0  0  0/0     8:06   0:00   0:24 
Clayton Stoner           0  0  0   1  2   0  1  1  0  0  0/0    14:27   0:00   1:53 
David Backes             0  0  0   0  2   4  4  0  0  0  1/1    15:22   1:49   0:00 
Eric Staal               0  0  0   0  0   4  1  0  0  0  1/4    23:42   2:09   6:05 
Evgeni Malkin            1  0  1   1  0   5  0  0  0  0  15/28  20:15   1:49   1:17 
John Mitchell            0  0  0   0  0   1  1  0  0  0  11/16  14:10   0:00   2:36 
Kris Letang              0  0  0   0  2   0  3  0  0  0  0/0    26:27   1:57   4:11 
Kyle Palmieri            0  0  0   0  0   2  2  0  0  0  0/0    13:35   2:01   0:00 
Mark Stuart              0  0  0   0  2   1  1  0  0  0  0/0    19:35   0:00   2:55 
Nikita Kucherov          0  1  1   1  2   1  1  0  0  0  0/0    19:49   1:49   2:04 
Olli Maatta              0  0  0   0  0   0  0  1  0  0  0/0    27:33   1:57   5:16 
Patrik Elias             0  0  0   0  0   3  0  1  0  0  15/28  23:52   2:09   5:52 
Sven Baertschi           0  0  0   0  0   1  0  0  0  0  0/0     7:42   0:00   0:00 
Tyler Gaudet             0  0  0   0  0   1  0  1  0  0  1/9     7:42   0:00   0:00 
Tyler Seguin             0  1  1   1  0   5  0  0  0  0  0/1    19:18   2:09   0:00 
Vyacheslav Voynov        0  0  0   0  0   0  0  2  0  0  0/0    20:44   0:00   4:03 

3 Stars

1 - Ryan Miller (MIN)
2 - Ben Bishop (DAL)
3 - Dustin Brown (MIN)

Power Play

Wild - 1 on 5 Attempt(s) - 20.00%
Stars - 0 on 2 Attempt(s) - 0.00%

Penalty Kill

Wild - 2 on 2 Attempt(s) - 100.00% - Score 0 goal in Penalty Kill
Stars - 4 on 5 Attempt(s) - 80.00% - Score 0 goal in Penalty Kill

Team Stat

Wild - Hits : 23 - Faceoff Wins : 43 - Blocked Shots : 13 - Penalty Minutes : 4
Stars - Hits : 16 - Faceoff Wins : 44 - Blocked Shots : 7 - Penalty Minutes : 10

Official

Referees : Garrett Rank and Trevor Hanson
Linesman : Matt MacPherson and Greg Devorski

Game Notes

No Game Note

Finance

Level 1 -- Attendance: 6000 (100.00%) -- Ticket Income $612,000
Level 2 -- Attendance: 5000 (100.00%) -- Ticket Income $375,000
Level 3 -- Attendance: 2000 (100.00%) -- Ticket Income $110,000
Level 4 -- Attendance: 2137 (47.15%) -- Ticket Income $96,165
Luxury Box -- Attendance: 1000 (100.00%) -- Ticket Income $200,000
Game was played at the American Airlines Center.
Total Attendance: 16137 (87.08%)
Total Ticket Income: $1,393,165
Other Income: $208,975
Total Income: $1,602,140

% Time on Ice - Wild

Lines # - Real PCT - Wanted PCT - Time Play
Normal Forward
1 - 30% - 35% - 14:11
2 - 32% - 35% - 14:49
3 - 30% - 20% - 14:07
4 - 8% - 10% - 3:46
Normal Defense
1 - 41% - 40% - 19:13
2 - 30% - 30% - 13:51
3 - 21% - 20% - 10:04
4 - 8% - 10% - 3:45
PP Forward
1 - 52% - 60% - 4:47
2 - 48% - 40% - 4:22
PP Defense
1 - 53% - 60% - 4:53
2 - 47% - 40% - 4:16
PK Forward
1 - 71% - 60% - 2:49
2 - 29% - 40% - 1:09
PK Defense
1 - 69% - 60% - 2:44
2 - 31% - 40% - 1:14
PK3 Forward
1 - 0% - 60%
2 - 0% - 40%
PK3 Defense
1 - 0% - 60%
2 - 0% - 40%
44 Forward
1 - 60% - 60% - 3:00
2 - 40% - 40% - 2:00
44 Defense
1 - 50% - 60% - 2:30
2 - 50% - 40% - 2:30
Last Minute Offensive  - 0:00
Last Minute Defensive  - 0:00
Total
Forward - 65:00
Defense - 65:00

% Time on Ice - Stars

Lines # - Real PCT - Wanted PCT - Time Play
Normal Forward
1 - 30% - 29% - 14:03
2 - 29% - 29% - 13:34
3 - 25% - 25% - 11:34
4 - 16% - 17% - 7:42
Normal Defense
1 - 35% - 40% - 16:21
2 - 36% - 34% - 16:41
3 - 27% - 16% - 12:35
4 - 3% - 10% - 1:16
PP Forward
1 - 46% - 50% - 1:49
2 - 54% - 50% - 2:09
PP Defense
1 - 49% - 60% - 1:57
2 - 51% - 40% - 2:01
PK Forward
1 - 72% - 60% - 6:33
2 - 28% - 40% - 2:36
PK Defense
1 - 56% - 75% - 5:06
2 - 44% - 25% - 4:03
PK3 Forward
1 - 0% - 60%
2 - 0% - 40%
PK3 Defense
1 - 0% - 75%
2 - 0% - 25%
44 Forward
1 - 62% - 60% - 3:06
2 - 38% - 40% - 1:54
44 Defense
1 - 54% - 70% - 2:43
2 - 46% - 30% - 2:17
Last Minute Offensive  - 0:00
Last Minute Defensive  - 0:00
Total
Forward - 65:00
Defense - 65:00

Play by Play

1st period


0:01 of 1st period - Evgeni Malkin wins face-off versus Peter Holland in neutral zone.
0:16 of 1st period - Shot by Evgeni Malkin.
0:16 of 1st period - Deflect By Tyler Seguin.
0:16 of 1st period - Stopped by Ryan Miller without a rebound.
0:17 of 1st period - Jason Spezza wins face-off versus Patrik Elias in Wild zone.
0:32 of 1st period - Shot by Scott Hartnell.
0:32 of 1st period - Shot Misses the Net.
0:51 of 1st period - Eric Staal is hit by Michael Stone and loses puck.
1:29 of 1st period - Olli Maatta is hit by R.J. Umberger and loses puck.
1:38 of 1st period - Shot by Kris Letang.
1:38 of 1st period - Shot Blocked by Scott Hannan.
5:00 of 1st period - Icing by Fedor Tyutin.
5:01 of 1st period - Evgeni Malkin wins face-off versus Peter Holland in Wild zone.
5:20 of 1st period - Shot by R.J. Umberger.
5:20 of 1st period - Stopped by Ben Bishop without a rebound.
5:21 of 1st period - John Mitchell wins face-off versus R.J. Umberger in Stars zone.
6:04 of 1st period - Mark Streit is hit by John Mitchell and loses puck.
6:15 of 1st period - Shot by Nikita Kucherov.
6:15 of 1st period - Shot Blocked by Mark Streit.
6:17 of 1st period - Shot by Clayton Stoner.
6:17 of 1st period - Shot Blocked by Dennis Wideman.
6:38 of 1st period - Shot by Evgeni Malkin.
6:38 of 1st period - Goal by Evgeni Malkin - Wild : 0 - Stars : 1.
6:39 of 1st period - Tyler Gaudet wins face-off versus Jason Spezza in neutral zone.
6:39 of 1st period - Tyler Gaudet is hit by Erik Cole.
6:53 of 1st period - Shot by Tyler Gaudet.
6:53 of 1st period - Stopped by Ryan Miller without a rebound.
6:54 of 1st period - Peter Holland wins face-off versus Patrik Elias in Wild zone.
7:26 of 1st period - Shot by Eric Staal.
7:26 of 1st period - Stopped by Ryan Miller without a rebound.
7:27 of 1st period - Jason Spezza wins face-off versus Evgeni Malkin in Wild zone.
7:27 of 1st period - Jason Spezza is hit by Nikita Kucherov.
7:45 of 1st period - Shot by Evgeni Malkin.
7:45 of 1st period - Stopped by Ryan Miller with a rebound.
7:55 of 1st period - Shot by Jason Spezza.
7:55 of 1st period - Shot Misses the Net.
8:30 of 1st period - Off-side.
8:31 of 1st period - Peter Holland wins face-off versus John Mitchell in neutral zone.
8:38 of 1st period - Shot by Jason Pominville.
8:38 of 1st period - Stopped by Ben Bishop without a rebound.
8:39 of 1st period - John Mitchell wins face-off versus Peter Holland in Stars zone.
8:57 of 1st period - Off-side.
8:58 of 1st period - Michael Ryder wins face-off versus Tyler Gaudet in neutral zone.
9:25 of 1st period - Icing by Brandon Manning.
9:26 of 1st period - Peter Holland wins face-off versus Tyler Gaudet in Stars zone.
9:41 of 1st period - Shot by Jason Pominville.
9:41 of 1st period - Stopped by Ben Bishop without a rebound.
9:42 of 1st period - John Mitchell wins face-off versus Jason Spezza in Stars zone.
9:52 of 1st period - Olli Maatta is hit by Michael Stone.
10:08 of 1st period - Shot by Jason Spezza.
10:08 of 1st period - Stopped by Ben Bishop without a rebound.
10:09 of 1st period - Peter Holland wins face-off versus Evgeni Malkin in Stars zone.
10:43 of 1st period - Shot by Evgeni Malkin.
10:43 of 1st period - Stopped by Ryan Miller without a rebound.
10:44 of 1st period - Jason Spezza wins face-off versus Patrik Elias in Wild zone.
10:51 of 1st period - Erik Cole is hit by David Backes and loses puck.
11:10 of 1st period - Shot by Jason Spezza.
11:10 of 1st period - Shot Misses the Net.
11:12 of 1st period - Shot by Scott Hannan.
11:12 of 1st period - Stopped by Ben Bishop with a rebound.
11:27 of 1st period - Jason Spezza is hit by Kris Letang and loses puck.
12:20 of 1st period - Icing by Michael Ryder.
12:21 of 1st period - R.J. Umberger wins face-off versus John Mitchell in Wild zone.
13:16 of 1st period - Michael Stone is hit by Clayton Stoner and loses puck.
13:21 of 1st period - Shot by Evgeni Malkin.
13:21 of 1st period - Stopped by Ryan Miller with a rebound.
13:23 of 1st period - Shot by Clayton Stoner.
13:23 of 1st period - Shot Misses the Net.
13:33 of 1st period - Shot by Tyler Seguin.
13:33 of 1st period - Stopped by Ryan Miller without a rebound.
13:34 of 1st period - Jason Spezza wins face-off versus Tyler Gaudet in Wild zone.
13:34 of 1st period - Jason Spezza is hit by Bryan Bickell.
14:14 of 1st period - Shot by Jason Spezza.
14:14 of 1st period - Stopped by Ben Bishop without a rebound.
14:15 of 1st period - Evgeni Malkin wins face-off versus R.J. Umberger in Stars zone.
14:19 of 1st period - Off-side.
14:20 of 1st period - R.J. Umberger wins face-off versus Evgeni Malkin in neutral zone.
14:46 of 1st period - Shot by Tyler Seguin.
14:46 of 1st period - Deflect By Nikita Kucherov.
14:46 of 1st period - Shot Misses the Net.
15:51 of 1st period - Kyle Palmieri is hit by Dustin Brown and loses puck.
16:24 of 1st period - Eric Staal is hit by Scott Hartnell.
16:59 of 1st period - Minor Penalty to Erik Cole for Cross-checking.
17:00 of 1st period - Evgeni Malkin wins face-off versus R.J. Umberger in Wild zone.
17:13 of 1st period - Shot by Olli Maatta.
17:13 of 1st period - Shot Blocked by Zach Redmond.
18:11 of 1st period - Shot by Patrik Elias.
18:11 of 1st period - Stopped by Ryan Miller without a rebound.
18:12 of 1st period - R.J. Umberger wins face-off versus Eric Staal in Wild zone.
18:12 of 1st period - R.J. Umberger is hit by Eric Staal.
19:05 of 1st period - Shot by Bryan Bickell.
19:05 of 1st period - Stopped by Ryan Miller without a rebound.
19:06 of 1st period - Peter Holland wins face-off versus Tyler Gaudet in Wild zone.
19:56 of 1st period - Peter Holland is hit by Kyle Palmieri and loses puck.
Goals for this period are 0 for Wild vs 1 for Stars.
Shots for this period are 6 for Wild vs 10 for Stars.

2nd period


0:01 of 2nd period - Evgeni Malkin wins face-off versus R.J. Umberger in neutral zone.
0:20 of 2nd period - Shot by Tyler Seguin.
0:20 of 2nd period - Stopped by Ryan Miller with a rebound.
1:03 of 2nd period - Mark Stuart is hit by Dustin Brown.
1:26 of 2nd period - Shot by Peter Holland.
1:26 of 2nd period - Stopped by Ben Bishop with a rebound.
1:57 of 2nd period - Anthony Duclair is hit by Barret Jackman and loses puck.
3:06 of 2nd period - Sven Baertschi is hit by Mark Streit and loses puck.
3:24 of 2nd period - Icing by Dennis Wideman.
3:25 of 2nd period - Evgeni Malkin wins face-off versus Jason Spezza in Wild zone.
3:26 of 2nd period - Shot by Tyler Seguin.
3:26 of 2nd period - Shot Misses the Net.
3:48 of 2nd period - Tyler Seguin is hit by Peter Holland.
3:49 of 2nd period - Icing by Tyler Seguin.
3:50 of 2nd period - Evgeni Malkin wins face-off versus Peter Holland in Stars zone.
3:54 of 2nd period - Off-side.
3:55 of 2nd period - Peter Holland wins face-off versus Patrik Elias in neutral zone.
4:00 of 2nd period - Shot by Jason Pominville.
4:00 of 2nd period - Shot Blocked by Brandon Manning.
4:02 of 2nd period - Shot by Michael Stone.
4:02 of 2nd period - Stopped by Ben Bishop with a rebound.
4:04 of 2nd period - Shot by Jason Pominville.
4:04 of 2nd period - Shot Misses the Net.
4:06 of 2nd period - Shot by Peter Holland.
4:06 of 2nd period - Shot Misses the Net.
4:14 of 2nd period - Shot by Jason Pominville.
4:14 of 2nd period - Stopped by Ben Bishop without a rebound.
4:15 of 2nd period - Jason Spezza wins face-off versus Evgeni Malkin in Stars zone.
4:27 of 2nd period - Off-side.
4:28 of 2nd period - Patrik Elias wins face-off versus Jason Pominville in neutral zone.
4:56 of 2nd period - Icing by Fedor Tyutin.
4:57 of 2nd period - Peter Holland wins face-off versus Evgeni Malkin in Wild zone.
5:13 of 2nd period - Shot by Dustin Brown.
5:13 of 2nd period - Stopped by Ben Bishop without a rebound.
5:13 of 2nd period - Minor Penalty to Kris Letang for Slashing.
5:14 of 2nd period - Patrik Elias wins face-off versus Jason Spezza in Stars zone.
5:47 of 2nd period - Shot by Scott Hartnell.
5:47 of 2nd period - Deflect By Jason Pominville.
5:47 of 2nd period - Shot Misses the Net.
6:06 of 2nd period - Off-side.
6:07 of 2nd period - Patrik Elias wins face-off versus Peter Holland in neutral zone.
7:03 of 2nd period - Off-side.
7:04 of 2nd period - Patrik Elias wins face-off versus Jason Pominville in neutral zone.
7:17 of 2nd period - Shot by Scott Hartnell.
7:17 of 2nd period - Stopped by Ben Bishop without a rebound.
7:18 of 2nd period - Evgeni Malkin wins face-off versus R.J. Umberger in Stars zone.
7:51 of 2nd period - Shot by R.J. Umberger.
7:51 of 2nd period - Shot Blocked by Vyacheslav Voynov.
8:24 of 2nd period - Olli Maatta is hit by Barret Jackman.
8:42 of 2nd period - Shot by Erik Cole.
8:42 of 2nd period - Shot Misses the Net.
9:07 of 2nd period - Icing by Fedor Tyutin.
9:08 of 2nd period - David Backes wins face-off versus Peter Holland in Wild zone.
9:23 of 2nd period - Shot by Eric Staal.
9:23 of 2nd period - Shot Blocked by Fedor Tyutin.
9:34 of 2nd period - Minor Penalty to Clayton Stoner for Holding.
9:35 of 2nd period - Jason Spezza wins face-off versus Patrik Elias in Stars zone.
10:39 of 2nd period - Shot by Zach Redmond.
10:39 of 2nd period - Stopped by Ben Bishop without a rebound.
10:40 of 2nd period - Peter Holland wins face-off versus Patrik Elias in Stars zone.
10:45 of 2nd period - Shot by Dennis Wideman.
10:45 of 2nd period - Shot Blocked by Patrik Elias.
10:47 of 2nd period - Shot by Dustin Brown.
10:47 of 2nd period - Goal by Dustin Brown - Wild : 1 - Stars : 1.
10:48 of 2nd period - Evgeni Malkin wins face-off versus R.J. Umberger in neutral zone.
10:53 of 2nd period - Shot by Nikita Kucherov.
10:53 of 2nd period - Stopped by Ryan Miller without a rebound.
10:54 of 2nd period - John Mitchell wins face-off versus Michael Ryder in Wild zone.
11:11 of 2nd period - Shot by Anthony Duclair.
11:11 of 2nd period - Stopped by Ryan Miller without a rebound.
11:12 of 2nd period - Scott Hartnell wins face-off versus Evgeni Malkin in Wild zone.
11:35 of 2nd period - Shot by Tyler Seguin.
11:35 of 2nd period - Stopped by Ryan Miller without a rebound.
11:36 of 2nd period - Patrik Elias wins face-off versus Peter Holland in Wild zone.
11:37 of 2nd period - Shot by Eric Staal.
11:37 of 2nd period - Stopped by Ryan Miller with a rebound.
11:53 of 2nd period - Off-side.
11:54 of 2nd period - John Mitchell wins face-off versus Jason Spezza in neutral zone.
11:59 of 2nd period - Shot by Anthony Duclair.
11:59 of 2nd period - Shot Blocked by Dennis Wideman.
13:24 of 2nd period - Shot by David Backes.
13:24 of 2nd period - Shot Blocked by Michael Stone.
13:26 of 2nd period - Shot by Mark Stuart.
13:26 of 2nd period - Shot Blocked by Fedor Tyutin.
13:28 of 2nd period - Shot by Mark Stuart.
13:28 of 2nd period - Stopped by Ryan Miller without a rebound.
13:29 of 2nd period - Michael Ryder wins face-off versus Tyler Seguin in Wild zone.
14:38 of 2nd period - Shot by Scott Hartnell.
14:38 of 2nd period - Shot Misses the Net.
15:29 of 2nd period - Icing by Fedor Tyutin.
15:30 of 2nd period - Patrik Elias wins face-off versus Peter Holland in Wild zone.
15:33 of 2nd period - Shot by David Backes.
15:33 of 2nd period - Deflect By Eric Staal.
15:33 of 2nd period - Shot Blocked by Fedor Tyutin.
15:35 of 2nd period - Shot by David Backes.
15:35 of 2nd period - Shot Misses the Net.
15:37 of 2nd period - Shot by David Backes.
15:37 of 2nd period - Stopped by Ryan Miller without a rebound.
15:38 of 2nd period - Michael Ryder wins face-off versus Patrik Elias in Wild zone.
15:38 of 2nd period - Michael Ryder is hit by David Backes.
15:45 of 2nd period - Rene Bourque is hit by Kris Letang and loses puck.
16:00 of 2nd period - Shot by R.J. Umberger.
16:00 of 2nd period - Stopped by Ben Bishop without a rebound.
16:01 of 2nd period - Peter Holland wins face-off versus Tyler Gaudet in Stars zone.
16:02 of 2nd period - Shot by Michael Stone.
16:02 of 2nd period - Stopped by Ben Bishop without a rebound.
16:03 of 2nd period - Peter Holland wins face-off versus Tyler Gaudet in Stars zone.
17:05 of 2nd period - Olli Maatta is hit by Scott Hartnell.
17:08 of 2nd period - Minor Penalty to Michael Stone for High sticking.
17:09 of 2nd period - R.J. Umberger wins face-off versus Eric Staal in Wild zone.
17:24 of 2nd period - Shot by Eric Staal.
17:24 of 2nd period - Deflect By Tyler Seguin.
17:24 of 2nd period - Shot Misses the Net.
18:12 of 2nd period - Shot by David Backes.
18:12 of 2nd period - Stopped by Ryan Miller without a rebound.
18:13 of 2nd period - R.J. Umberger wins face-off versus Evgeni Malkin in Wild zone.
18:24 of 2nd period - Shot by Nikita Kucherov.
18:24 of 2nd period - Shot Misses the Net.
18:42 of 2nd period - Shot by Nikita Kucherov.
18:42 of 2nd period - Shot Misses the Net.
19:04 of 2nd period - Shot by Eric Staal.
19:04 of 2nd period - Shot Misses the Net.
19:06 of 2nd period - Shot by Olli Maatta.
19:06 of 2nd period - Shot Misses the Net.
19:16 of 2nd period - Shot by Bryan Bickell.
19:16 of 2nd period - Shot Blocked by Erik Cole.
19:36 of 2nd period - Shot by Sven Baertschi.
19:36 of 2nd period - Stopped by Ryan Miller with a rebound.
19:50 of 2nd period - Shot by Erik Cole.
19:50 of 2nd period - Stopped by Ben Bishop without a rebound.
19:51 of 2nd period - Peter Holland wins face-off versus Patrik Elias in Stars zone.
Goals for this period are 1 for Wild vs 0 for Stars.
Shots for this period are 10 for Wild vs 9 for Stars.

3rd period


0:01 of 3rd period - Patrik Elias wins face-off versus Jason Pominville in neutral zone.
0:06 of 3rd period - Shot by David Backes.
0:06 of 3rd period - Stopped by Ryan Miller without a rebound.
0:07 of 3rd period - Patrik Elias wins face-off versus R.J. Umberger in Wild zone.
0:07 of 3rd period - Eric Staal is hit by Mark Streit and loses puck.
0:28 of 3rd period - Icing by Mark Streit.
0:29 of 3rd period - R.J. Umberger wins face-off versus John Mitchell in Wild zone.
0:43 of 3rd period - Shot by Anthony Duclair.
0:43 of 3rd period - Shot Misses the Net.
0:54 of 3rd period - Kyle Palmieri is hit by Dennis Wideman and loses puck.
2:02 of 3rd period - Shot by Eric Staal.
2:02 of 3rd period - Stopped by Ryan Miller without a rebound.
2:03 of 3rd period - Peter Holland wins face-off versus Evgeni Malkin in Wild zone.
2:25 of 3rd period - Michael Ryder is hit by Brandon Manning and loses puck.
2:39 of 3rd period - Shot by Tyler Seguin.
2:39 of 3rd period - Shot Misses the Net.
2:41 of 3rd period - Shot by Tyler Seguin.
2:41 of 3rd period - Shot Misses the Net.
2:45 of 3rd period - Shot by Evgeni Malkin.
2:45 of 3rd period - Deflect By Nikita Kucherov.
2:45 of 3rd period - Shot Blocked by Rene Bourque.
2:54 of 3rd period - Icing by Peter Holland.
2:55 of 3rd period - John Mitchell wins face-off versus Peter Holland in Wild zone.
3:21 of 3rd period - Shot by Kyle Palmieri.
3:21 of 3rd period - Shot Misses the Net.
3:23 of 3rd period - Shot by Kyle Palmieri.
3:23 of 3rd period - Stopped by Ryan Miller without a rebound.
3:24 of 3rd period - Patrik Elias wins face-off versus Erik Cole in Wild zone.
3:26 of 3rd period - Eric Staal is hit by Fedor Tyutin and loses puck.
3:39 of 3rd period - Shot by Erik Cole.
3:39 of 3rd period - Stopped by Ben Bishop without a rebound.
3:40 of 3rd period - R.J. Umberger wins face-off versus Tyler Gaudet in Stars zone.
3:43 of 3rd period - Shot by Jason Pominville.
3:43 of 3rd period - Shot Blocked by Vyacheslav Voynov.
3:52 of 3rd period - Minor Penalty to Mark Stuart for Tripping.
3:53 of 3rd period - Patrik Elias wins face-off versus Jason Spezza in Stars zone.
4:25 of 3rd period - Vyacheslav Voynov is hit by Scott Hartnell and loses puck.
6:38 of 3rd period - Icing by Scott Hannan.
6:39 of 3rd period - R.J. Umberger wins face-off versus John Mitchell in Wild zone.
6:46 of 3rd period - Kyle Palmieri is hit by Michael Ryder and loses puck.
7:09 of 3rd period - Shot by Scott Hartnell.
7:09 of 3rd period - Stopped by Ben Bishop without a rebound.
7:10 of 3rd period - Peter Holland wins face-off versus Evgeni Malkin in Stars zone.
7:20 of 3rd period - Minor Penalty to Nikita Kucherov for Goalie Interference.
7:21 of 3rd period - Patrik Elias wins face-off versus Jason Spezza in Stars zone.
7:21 of 3rd period - Patrik Elias is hit by Scott Hartnell.
7:30 of 3rd period - Icing by Jason Spezza.
7:31 of 3rd period - Patrik Elias wins face-off versus Jason Spezza in Wild zone.
8:13 of 3rd period - Shot by Mark Streit.
8:13 of 3rd period - Shot Blocked by Olli Maatta.
9:25 of 3rd period - Off-side.
9:26 of 3rd period - R.J. Umberger wins face-off versus Evgeni Malkin in neutral zone.
9:49 of 3rd period - Shot by Michael Ryder.
9:49 of 3rd period - Shot Blocked by Clayton Stoner.
9:51 of 3rd period - Shot by Rene Bourque.
9:51 of 3rd period - Stopped by Ben Bishop without a rebound.
9:52 of 3rd period - John Mitchell wins face-off versus R.J. Umberger in Stars zone.
10:08 of 3rd period - Scott Hartnell is hit by Kris Letang and loses puck.
10:32 of 3rd period - Icing by Dennis Wideman.
10:33 of 3rd period - R.J. Umberger wins face-off versus Patrik Elias in Wild zone.
10:55 of 3rd period - Icing by David Backes.
10:56 of 3rd period - Jason Spezza wins face-off versus Patrik Elias in Stars zone.
11:01 of 3rd period - Shot by Jason Spezza.
11:01 of 3rd period - Stopped by Ben Bishop without a rebound.
11:02 of 3rd period - Evgeni Malkin wins face-off versus Jason Spezza in Stars zone.
11:25 of 3rd period - Shot by Evgeni Malkin.
11:25 of 3rd period - Stopped by Ryan Miller without a rebound.
11:26 of 3rd period - Patrik Elias wins face-off versus Dustin Brown in Wild zone.
11:33 of 3rd period - Shot by David Backes.
11:33 of 3rd period - Stopped by Ryan Miller without a rebound.
11:34 of 3rd period - Peter Holland wins face-off versus Patrik Elias in Wild zone.
11:38 of 3rd period - Dennis Wideman is hit by David Backes and loses puck.
11:50 of 3rd period - Shot by Patrik Elias.
11:50 of 3rd period - Stopped by Ryan Miller without a rebound.
11:51 of 3rd period - Evgeni Malkin wins face-off versus R.J. Umberger in Wild zone.
12:19 of 3rd period - Fedor Tyutin is hit by Mark Stuart and loses puck.
12:42 of 3rd period - Mark Stuart is hit by R.J. Umberger and loses puck.
13:10 of 3rd period - Icing by Dennis Wideman.
13:11 of 3rd period - Jason Spezza wins face-off versus Patrik Elias in Wild zone.
13:11 of 3rd period - Jason Spezza is hit by David Backes.
13:45 of 3rd period - Minor Penalty to David Backes for Tripping.
13:46 of 3rd period - Patrik Elias wins face-off versus Peter Holland in Stars zone.
13:46 of 3rd period - Patrik Elias is hit by Erik Cole.
14:05 of 3rd period - Off-side.
14:06 of 3rd period - Jason Spezza wins face-off versus Patrik Elias in neutral zone.
15:34 of 3rd period - Shot by Jason Spezza.
15:34 of 3rd period - Stopped by Ben Bishop with a rebound.
15:50 of 3rd period - Shot by Michael Ryder.
15:50 of 3rd period - Shot Blocked by Tyler Gaudet.
15:54 of 3rd period - Shot by Rene Bourque.
15:54 of 3rd period - Stopped by Ben Bishop with a rebound.
15:56 of 3rd period - Shot by Scott Hannan.
15:56 of 3rd period - Shot Misses the Net.
15:58 of 3rd period - Shot by Rene Bourque.
15:58 of 3rd period - Stopped by Ben Bishop without a rebound.
15:59 of 3rd period - John Mitchell wins face-off versus R.J. Umberger in Stars zone.
16:04 of 3rd period - Michael Ryder is hit by Kyle Palmieri.
16:05 of 3rd period - Icing by Michael Ryder.
16:06 of 3rd period - John Mitchell wins face-off versus R.J. Umberger in Wild zone.
16:13 of 3rd period - Shot by Kyle Palmieri.
16:13 of 3rd period - Stopped by Ryan Miller with a rebound.
16:23 of 3rd period - Shot by Michael Ryder.
16:23 of 3rd period - Stopped by Ben Bishop with a rebound.
16:32 of 3rd period - Off-side.
16:33 of 3rd period - Patrik Elias wins face-off versus Jason Pominville in neutral zone.
17:06 of 3rd period - Shot by Jason Pominville.
17:06 of 3rd period - Stopped by Ben Bishop without a rebound.
17:07 of 3rd period - John Mitchell wins face-off versus Jason Spezza in Stars zone.
17:07 of 3rd period - John Mitchell is hit by Scott Hartnell.
17:28 of 3rd period - Icing by Mark Streit.
17:29 of 3rd period - Evgeni Malkin wins face-off versus Jason Spezza in Wild zone.
17:33 of 3rd period - Evgeni Malkin is hit by Dennis Wideman and loses puck.
18:44 of 3rd period - Shot by Peter Holland.
18:44 of 3rd period - Shot Misses the Net.
19:17 of 3rd period - Off-side.
19:18 of 3rd period - R.J. Umberger wins face-off versus John Mitchell in neutral zone.
19:20 of 3rd period - Off-side.
19:21 of 3rd period - John Mitchell wins face-off versus R.J. Umberger in neutral zone.
19:32 of 3rd period - Shot by Anthony Duclair.
19:32 of 3rd period - Stopped by Ryan Miller with a rebound.
19:34 of 3rd period - Shot by Vyacheslav Voynov.
19:34 of 3rd period - Shot Misses the Net.
19:50 of 3rd period - Shot by John Mitchell.
19:50 of 3rd period - Stopped by Ryan Miller without a rebound.
19:51 of 3rd period - Scott Hartnell wins face-off versus Tyler Gaudet in Wild zone.
Goals for this period are 0 for Wild vs 0 for Stars.
Shots for this period are 9 for Wild vs 9 for Stars.

Overtime #1


0:01 of 1st overtime period - Evgeni Malkin wins face-off versus Jason Spezza in neutral zone.
0:16 of 1st overtime period - Shot by Tyler Seguin.
0:16 of 1st overtime period - Stopped by Ryan Miller without a rebound.
0:17 of 1st overtime period - Jason Spezza wins face-off versus Evgeni Malkin in Wild zone.
0:46 of 1st overtime period - Shot by Scott Hartnell.
0:46 of 1st overtime period - Deflect By Jason Spezza.
0:46 of 1st overtime period - Stopped by Ben Bishop without a rebound.
0:47 of 1st overtime period - Jason Spezza wins face-off versus Evgeni Malkin in Stars zone.
1:44 of 1st overtime period - Shot by Eric Staal.
1:44 of 1st overtime period - Stopped by Ryan Miller without a rebound.
1:45 of 1st overtime period - Evgeni Malkin wins face-off versus Peter Holland in Wild zone.
1:57 of 1st overtime period - Icing by Fedor Tyutin.
1:58 of 1st overtime period - Eric Staal wins face-off versus Peter Holland in Wild zone.
2:37 of 1st overtime period - Shot by Nikita Kucherov.
2:37 of 1st overtime period - Shot Blocked by Fedor Tyutin.
2:39 of 1st overtime period - Shot by Patrik Elias.
2:39 of 1st overtime period - Stopped by Ryan Miller without a rebound.
2:40 of 1st overtime period - Jason Spezza wins face-off versus Evgeni Malkin in Wild zone.
2:53 of 1st overtime period - Shot by Evgeni Malkin.
2:53 of 1st overtime period - Shot Misses the Net.
3:10 of 1st overtime period - Icing by Dennis Wideman.
3:11 of 1st overtime period - Evgeni Malkin wins face-off versus Jason Spezza in Wild zone.
3:12 of 1st overtime period - Shot by Tyler Seguin.
3:12 of 1st overtime period - Shot Blocked by Mark Streit.
3:49 of 1st overtime period - Shot by Peter Holland.
3:49 of 1st overtime period - Stopped by Ben Bishop without a rebound.
3:50 of 1st overtime period - Jason Spezza wins face-off versus Eric Staal in Stars zone.
4:30 of 1st overtime period - Kris Letang is hit by Erik Cole and loses puck.
4:50 of 1st overtime period - Shot by Tyler Seguin.
4:50 of 1st overtime period - Shot Misses the Net.
4:52 of 1st overtime period - Shot by Tyler Seguin.
4:52 of 1st overtime period - Shot Misses the Net.
Goals for this period are 0 for Wild vs 0 for Stars.
Shots for this period are 2 for Wild vs 3 for Stars.

ShootOut


5:00 of 1st overtime period - Penalty Shot by Jason Pominville for Wild.
5:00 of 1st overtime period - Shot Misses the Net.
5:00 of 1st overtime period - Penalty Shot by Tyler Seguin for Stars.
5:00 of 1st overtime period - Stopped by Ryan Miller.
5:00 of 1st overtime period - Penalty Shot by Jason Spezza for Wild.
5:00 of 1st overtime period - Stopped by Ben Bishop.
5:00 of 1st overtime period - Penalty Shot by Evgeni Malkin for Stars.
5:00 of 1st overtime period - Shot Misses the Net.
5:00 of 1st overtime period - Penalty Shot by Scott Hartnell for Wild.
5:00 of 1st overtime period - Stopped by Ben Bishop.
5:00 of 1st overtime period - Penalty Shot by Nikita Kucherov for Stars.
5:00 of 1st overtime period - Stopped by Ryan Miller.
5:00 of 1st overtime period - Penalty Shot by Erik Cole for Wild.
5:00 of 1st overtime period - Stopped by Ben Bishop.
5:00 of 1st overtime period - Penalty Shot by Eric Staal for Stars.
5:00 of 1st overtime period - Goal by Eric Staal.